 Dungeon Crawl Stone Soup version 0.30-a0-722-g3e6e8c874d (webtiles) character file.

Game seed: 5720737994694832990

19902 browni3141 the Grappler (level 12, -3/106 HPs)
             Began as a Troll Berserker on Jan 27, 2023.
             Was a High Priest of Trog.
             Slain by a soul eater (7 damage)
             ... summoned by an orc high priest
             ... on level 2 of the Orcish Mines.
             The game lasted 00:19:23 (10417 turns).

browni3141 the Grappler (Troll Berserker)          Turns: 10417, Time: 00:19:23

Health: -3/106     AC: 12    Str: 31 (32) XL:     12   Next: 40%
Magic:  11/11      EV: 11    Int:  2 (3)  God:    Trog [*****.]
Gold:   1126       SH:  4    Dex:  9      Spells: 11/11 levels left

rFire   . . .      SeeInvis .      - Unarmed
rCold   . . .      Faith    .    (no shield)
rNeg    . . .      Spirit   .    a - +0 animal skin
rPois   +          Reflect  .    K - +1 hat {Will+}
rElec   .          Harm     .    C - +2 cloak {rCorr}
rCorr   +          Rampage  .    (gloves unavailable)
Will    +....                    (boots unavailable)
Stlth   ++                       (no amulet)
HPRegen 1.17/turn                H - ring of poison resistance
MPRegen 0.12/turn                F - +4 ring of protection

@: on berserk cooldown, slowed, very slow
A: large, unfitting armour, claws 3, regeneration 1, shaggy fur 1, tough skin 1,
large bone plates 1, frail 1
a: Renounce Religion, Berserk, Trog's Hand, Brothers in Arms


You were on level 2 of the Orcish Mines.
You worshipped Trog.
Trog was extremely pleased with you.
You visited 2 branches of the dungeon, and saw 13 of its levels.
You also visited: Sewer and Bailey.

You collected 1337 gold pieces.
You spent 211 gold pieces at shops.

Inventory:

Missiles
 d - 17 poisoned darts
 D - 2 throwing nets (quivered)
 N - 5 boomerangs
 O - 6 atropa-tipped darts
Armour
 a - a +0 animal skin (worn)
 C - a +2 cloak of preservation (worn)
 K - a +1 hat of willpower (worn)
Jewellery
 k - an amulet of magic regeneration
 n - a ring of ice
 w - a ring of flight
 F - a +4 ring of protection (right claw)
 H - a ring of poison resistance (left claw)
 I - a ring of magical power
Wands
 t - a wand of charming (7)
 v - a wand of mindburst (18)
 E - a wand of quicksilver (2)
 J - a wand of roots (8)
Scrolls
 b - 4 scrolls of brand weapon {unknown}
 c - 2 scrolls of fear {unknown}
 i - 7 scrolls of identify {unknown}
 o - a scroll of immolation {unknown}
 q - 6 scrolls of teleportation
 s - 2 scrolls of fog {unknown}
 u - a scroll of magic mapping {unknown}
 y - 2 scrolls of noise {unknown}
 A - a scroll of amnesia {unknown}
 B - 4 scrolls of enchant weapon {unknown}
 L - a scroll of torment {unknown}
 Q - a scroll of enchant armour {unknown}
 R - 2 scrolls of blinking {unknown}
 T - a scroll of acquirement {unknown}
Potions
 e - 2 potions of cancellation
 f - a potion of heal wounds
 g - 4 potions of curing
 h - 5 potions of attraction
 j - 2 potions of degeneration
 l - 2 potions of mutation
 m - a potion of haste
 p - 5 potions of flight
 r - 2 potions of resistance
 x - a potion of berserk rage {unknown}
 z - 2 potions of might
 G - a potion of lignification {unknown}
 M - 2 potions of brilliance {unknown}
 P - 4 potions of magic
 S - a potion of ambrosia {unknown}


   Skills:
 + Level 7.5 Fighting
 * Level 10.9 Throwing
 + Level 7.5 Dodging
 - Level 2.0 Stealth
 * Level 12.3 Unarmed Combat


You had 11 spell levels left.
You didn't know any spells.
Your spell library was empty.

Dungeon Overview and Level Annotations

Branches:
Dungeon (11/15)            Temple (0/1) D:5            Lair (0/5) D:9
    Orc (2/2) D:11          Sewer (visited)          Bailey (visited)
    Elf: Orc:2

Altars:
Dithmenos
Elyvilon
Ru
Uskayaw
Vehumet
Yredelemnul
The Shining One

Shops:
D:1 (   D:5 [(:   D:6 *   D:9 *[   Orc:1 !

Portals:
Bazaar: Orc:2


Innate Abilities, Weirdness & Mutations

You are too large for most types of armour.
You have claws for hands.
Your natural rate of healing is unusually fast.
You are covered in fur. (AC +1)
You have tough skin. (AC +1)
You are partially covered in large bone plates. (SH +4)
You are frail. (-10% HP)


Message History

The orc warrior hits you from afar with a +0 trident.
The orc high priest barely misses you.
The soul eater hits you but does no damage.
You feel much better. The sixfirhy hits you! The sixfirhy shocks you!
The sixfirhy barely misses you.
Your two-headed ogre completely misses the sixfirhy. x2
The orc warrior hits you but does no damage.
You block the sixfirhy's attack. The soul eater misses you.
The orc high priest hits you but does no damage.
The orc warrior hits you but does no damage.
An orc priest comes into view. It is wielding a +0 flail.
You block the sixfirhy's attack.
The soul eater hits you but does no damage.
You feel better.
The orc priest shouts!
You hear a shout!
The sixfirhy misses you. The sixfirhy hits you! The sixfirhy shocks you!
The sixfirhy closely misses you. You block the sixfirhy's attack.
Your two-headed ogre misses the sixfirhy.
Your two-headed ogre hits the sixfirhy with a +0 giant spiked club!!
The orc warrior barely misses you.
The orc high priest calls down the wrath of Beogh upon you.
Beogh smites you!
* * * LOW HITPOINT WARNING * * *
The soul eater hits you!
* * * LOW HITPOINT WARNING * * *
Your two-headed ogre barely misses the sixfirhy.
Your two-headed ogre misses the sixfirhy.
You feel much better.
You hear the stately tolling of a bell nearby.
The orc priest mumbles some strange prayers to Beogh against you.
Beogh smites you!
* * * LOW HITPOINT WARNING * * *
The orc high priest hits you with a +0 war axe!
* * * LOW HITPOINT WARNING * * *
The orc warrior hits you from afar with a +0 trident!
* * * LOW HITPOINT WARNING * * *
Your two-headed ogre completely misses the sixfirhy.
Your two-headed ogre barely misses the sixfirhy.
The soul eater hits you!
You die...

#........####......
#..........#......#
#.....#..........# ##
#..........#..#..##.#
#..........#.........
#.........#...#...#
...#..)3)).).....##
.o...o)@...)......##
.......o3O.)#....#.##
#..#...$........#...## #
#..............).#...###
#..........#....#.)..##.
#...........####..)...#.
#............#.#........
##.......................
##...............#........


You could see a soul eater (summoned), an orc high priest, a sixfirhy (summoned,
ally target), an orc warrior, an orc priest and a friendly two-headed ogre
(summoned, berserk).

Vanquished Creatures
  Gastronok (D:8)
  2 vault guards (Bailey)
  Erolcha (D:11)
  2 boulder beetles
  A two-headed ogre (D:9)
  An orc high priest (Orc:2)
  2 gargoyles
  A kobold demonologist (D:11)
  An unseen horror (D:10)
  A komodo dragon (D:10)
  A troll (Orc:2)
  Prince Ribbit (D:9)
  A hornet (D:9)
  A blink frog (Bailey)
  A vampire (D:10)
  21 yaks
  2 wyverns
  3 wraiths
  4 humans (Bailey)
  Menkaure (D:6)
  Grum (D:8)
  3 steam dragons
  3 vampire mosquitoes (D:10)
  2 wargs
  An acid dragon (D:10)
  6 water moccasins
  12 orc warriors
  A sky beast (D:7)
  3 black bears (D:5)
  An ice beast (D:6)
  2 wolves (D:8)
  2 ogres
  2 centaurs (D:9)
  12 bullfrogs
  A necrophage (D:5)
  4 gnoll sergeants
  4 scorpions
  5 wights (D:8)
  7 killer bees
  6 howler monkeys
  3 hounds
  A human zombie (D:10)
  14 orc priests
  A gnoll bouda (D:7)
  4 iguanas
  18 orc wizards
  A malarious merfolk avatar (Sewer)
  A sickly merfolk siren (Sewer)
  9 adders
  18 gnolls
  8 river rats
  2 white imps (D:7)
  An ufetubus (D:5)
  5 worms
  3 dart slugs
  45 orcs
  9 ball pythons
  7 endoplasms
  7 giant cockroaches
  8 goblins
  9 hobgoblins
  6 jackals (D:1)
  4 quokkas
  A bat (D:2)
  10 frilled lizards
  A goblin zombie (D:10)
  9 kobolds
  38 rats
370 creatures vanquished.

Vanquished Creatures (collateral kills)
  Maggie (D:8)
  A howler monkey (D:10)
2 creatures vanquished.

Vanquished Creatures (others)
  A human (D:10)
  2 gnolls (D:5)
  2 bushes (D:9)
  A fungus (D:9)
  16 plants (D:9)
22 creatures vanquished.

Grand Total: 394 creatures vanquished

Notes
Turn   | Place    | Note
-------+----------+-------------------------------------------
     0 | D:1      | browni3141 the Troll Berserker began the quest for the Orb.
     0 | D:1      | Reached XP level 1. HP: 22/22 MP: 0/0
    45 | D:1      | Found Zebuc's Weapon Shop.
    76 | D:1      | Reached skill level 1 in Stealth
    76 | D:1      | Reached XP level 2. HP: 29/29 MP: 1/1
   196 | D:1      | Reached XP level 3. HP: 25/36 MP: 2/2
   309 | D:1      | Reached ** piety under Trog
   536 | D:1      | Found a faded altar of an unknown god.
   894 | D:2      | Reached XP level 4. HP: 44/44 MP: 3/3
   899 | D:2      | Reached skill level 1 in Throwing
  1345 | D:3      | Found a glowing drain.
  1361 | Sewer    | Entered a sewer
  1454 | Sewer    | Reached XP level 5. HP: 50/50 MP: 4/4
  1549 | Sewer    | Reached *** piety under Trog
  1607 | Sewer    | Reached skill level 4 in Unarmed Combat
  1914 | D:3      | Reached XP level 6. HP: 59/59 MP: 5/5
  2132 | D:3      | Found a shadowy altar of Dithmenos.
  2993 | D:4      | Found a sacrificial altar of Ru.
  3182 | D:5      | Entered Level 5 of the Dungeon
  3186 | D:5      | Reached XP level 7. HP: 67/67 MP: 6/6
  3323 | D:5      | Reached skill level 5 in Unarmed Combat
  3361 | D:5      | Reached **** piety under Trog
  3364 | D:5      | Found Miryox's Antique Armour Boutique.
  3364 | D:5      | Noticed a steam dragon
  3372 | D:5      | Found Zogguett's Antique Weapon Boutique.
  3377 | D:5      | Killed a steam dragon
  3448 | D:5      | Bought an embroidered cloak for 157 gold pieces
  3459 | D:5      | Found Hutoem's Book Shoppe.
  3478 | D:5      | Reached XP level 8. HP: 63/78 MP: 7/7
  3488 | D:5      | Reached skill level 6 in Unarmed Combat
  3543 | D:5      | Found a staircase to the Ecumenical Temple.
  4131 | D:6      | Noticed Menkaure
  4138 | D:6      | Killed Menkaure
  4139 | D:6      | Reached skill level 5 in Throwing
  4376 | D:6      | Reached skill level 7 in Unarmed Combat
  4488 | D:6      | Found Wylymp's Gadget Gallery.
  4742 | D:7      | Reached XP level 9. HP: 85/85 MP: 8/8
  5918 | D:8      | Reached skill level 8 in Unarmed Combat
  5924 | D:8      | Reached skill level 5 in Fighting
  6014 | D:8      | Noticed Grum
  6024 | D:8      | Reached skill level 5 in Dodging
  6029 | D:8      | Killed Grum
  6125 | D:8      | Noticed Gastronok
  6139 | D:8      | Killed Gastronok
  6140 | D:8      | Reached skill level 9 in Unarmed Combat
  6140 | D:8      | Reached XP level 10. HP: 96/96 MP: 9/9
  6183 | D:8      | Noticed a boulder beetle
  6192 | D:8      | Killed a boulder beetle
  6193 | D:8      | Noticed Maggie
  6210 | D:8      | Killed Maggie
  6382 | D:8      | Found a hide-covered altar of Uskayaw.
  6522 | D:9      | Found a staircase to the Lair.
  6581 | D:9      | Found Xixec's General Store.
  6595 | D:9      | Noticed Prince Ribbit
  6631 | D:9      | Killed Prince Ribbit
  6777 | D:9      | Reached skill level 10 in Unarmed Combat
  6798 | D:9      | Reached XP level 11. HP: 53/105 MP: 10/10
  6808 | D:9      | Noticed a two-headed ogre
  6857 | D:9      | Killed a two-headed ogre
  7138 | D:1      | Bought 6 atropa-tipped darts for 54 gold pieces
  7548 | D:9      | Found Kuhewkid's Armour Shoppe.
  7650 | D:9      | Found a glowing golden altar of the Shining One.
  7811 | D:10     | Entered Level 10 of the Dungeon
  7838 | D:10     | Found a flagged portal.
  7847 | Bailey   | Entered a bailey
  8008 | Bailey   | Noticed a vault guard
  8026 | Bailey   | Killed a vault guard
  8094 | Bailey   | Noticed a vault guard
  8104 | Bailey   | Killed a vault guard
  8105 | Bailey   | Reached skill level 11 in Unarmed Combat
  8269 | D:10     | Found a runed translucent door.
  8284 | D:10     | Found a basalt altar of Yredelemnul.
  8435 | D:10     | Reached skill level 10 in Throwing
  8588 | D:10     | Found a radiant altar of Vehumet.
  8796 | D:10     | Found a white marble altar of Elyvilon.
  9159 | D:10     | Reached ***** piety under Trog
  9211 | D:10     | Lost intelligence.
  9214 | D:10     | Gained mutation: You are frail. (-10% HP) [potion of
                  | mutation]
  9214 | D:10     | Gained mutation: You are partially covered in large bone
                  | plates. (SH +4) [potion of mutation]
  9214 | D:10     | Gained mutation: You are clumsy. (Dex -2) [potion of
                  | mutation]
  9214 | D:10     | Lost mutation: You are clumsy. (Dex -2) [potion of
                  | mutation]
  9256 | D:11     | Noticed a boulder beetle
  9266 | D:10     | Killed a boulder beetle
  9306 | D:11     | Reached XP level 12. HP: 100/106 MP: 11/11
  9428 | D:11     | Noticed Erolcha
  9436 | D:11     | Killed Erolcha
  9607 | D:11     | Reached skill level 12 in Unarmed Combat
  9851 | D:11     | Found a staircase to the Orcish Mines.
  9893 | Orc:1    | Entered Level 1 of the Orcish Mines
 10025 | Orc:2    | Entered Level 2 of the Orcish Mines
 10067 | Orc:2    | Found a flickering gateway to a bazaar.
 10159 | Orc:1    | Found Happ's Distillery.
 10389 | Orc:2    | Noticed an orc high priest
 10397 | Orc:2    | Noticed an orc high priest
 10402 | Orc:2    | Killed an orc high priest
 10410 | Orc:2    | Received a gift from Trog
 10417 | Orc:2    | HP: 4/106 [orc warrior/+0 trident (8)]
 10417 | Orc:2    | Slain by a soul eater

Illustrated notes

Levels and vault maps discovered:
D:1:      mushboom_english_gardens, layout_loops_cross,
          shapermc_ecumenical_altar_mp_highgroup, serial_shops,
          nicolae_shop_bloodbath_and_beyond, nicolae_kite_square_tiling_tiny
D:2:      layout_basic
D:3:      layout_basic, mainiacjoe_overflow_paths, cheibrodos_sewer_entry_bend,
          minmay_misc_feat_more_columns
D:4:      layout_basic, nicolae_ru_sacrificial_ziggurat
D:5:      layout_cave_pools, minmay_temple_entry_large_hall, serial_shops,
          nicolae_shop_temple_entry_statues_fountains,
          nicolae_shop_hallway_plus, kennysheep_little_box, roderic_lattice_a
D:6:      layout_loops_ring, minmay_misc_feat_pillars,
          chequers_serial_rivers_room_a, skrybe_limestone_x,
          nicolae_shop_gadgets, uniq_menkaure
D:7:      wad_crossroads, layout_basic, grunt_decor_cap
D:8:      layout_cave_pools, mainiacjoe_overflow_tiny_flanked, uniq_maggie,
          uniq_gastronok, uniq_grum
D:9:      layout_cave_pools, tso_metal_star, minmay_lair_entry_grove,
          serial_shops, nicolae_shop_hallway_plus,
          chequers_serial_rivers_room_b, nicolae_stop_n_shop_1,
          uniq_prince_ribbit1
D:10:     layout_long_grid, elyvilon_altar_3, dk_yredelemnul_ordeal,
          nicolae_vehumet_altar_sigil, enter_bailey_8, dk_rats_in_the_wall
D:11:     layout_rooms, david_orc_4, uniq_erolcha
Orc:1:    layout_diamond_mine, serial_shops, nicolae_shop_hallway_plus
Orc:2:    st_orc_mages, layout_caves, serial_shops, bzr_firewalk

Skill      XL: |  1  2  3  4  5  6  7  8  9 10 11 12 |
---------------+-------------------------------------+-----
Stealth        | 1 2 |  2.0
Throwing       | 1 2 3 4 5 7 8 10 | 10.9
Unarmed Combat | 4 5 7 9 10 11 12 | 12.3
Fighting       | 3 4 5 6 7 |  7.5
Dodging        | 3 4 5 6 7 |  7.5

Action                     |  1- 3 |  4- 6 |  7- 9 | 10-12 || total
---------------------------+-------+-------+-------+-------++-------
  Melee: Unarmed           |    96 |   173 |   251 |   532 ||  1052
         Punch             |     3 |     6 |     4 |    35 ||    48
  Throw: Dart              |       |       |       |     6 ||     6
         Throwing net      |       |       |       |     2 ||     2
 Invoke: Berserk           |     1 |     5 |     8 |    16 ||    30
         Brothers in Arms  |       |       |       |     4 ||     4
         Trog's Hand       |       |       |       |     4 ||     4
  Evoke: Wand              |       |       |     5 |    17 ||    22
    Use: Potion            |       |       |       |    14 ||    14
   Stab: Sleeping          |     3 |     6 |     3 |       ||    12
         Held in net/web   |       |       |       |     1 ||     1
 Armour: Animal skin       |    37 |    47 |   114 |   250 ||   448
  Dodge: Dodged            |    58 |    70 |   130 |   302 ||   560
  Block: Other             |       |       |       |    34 ||    34

Table legend: (Time is in decaauts)
 A = Elapsed time spent in this place.
 B = Non-inter-level travel time spent in this place.
 C = Inter-level travel time spent in this place.
 D = Time resting spent in this place.
 E = Time spent auto-exploring this place.
 F = Levels seen in this place.
 G = Mean time per level.
                   A        B        C        D        E       F      G
               +--------+--------+--------+--------+--------+-----+--------+
         Total |  10580 |   9784 |    796 |    713 |   6664 |  15 |  705.3 |
       Dungeon |   9321 |   8574 |    747 |    551 |   6336 |  11 |  847.4 |
  Orcish Mines |    496 |    447 |     49 |      0 |    102 |   2 |  248.0 |
         Sewer |    430 |    430 |      0 |     62 |    132 |   1 |  430.0 |
        Bailey |    332 |    332 |      0 |     98 |     94 |   1 |  332.0 |
               +--------+--------+--------+--------+--------+-----+--------+

Top non-repeatable levels by time:
     D:7: 1239 daAuts
    D:10: 1201 daAuts
     D:6: 850 daAuts
     D:5: 825 daAuts
     D:3: 820 daAuts
     D:2: 794 daAuts
     D:8: 791 daAuts
     D:9: 750 daAuts
     D:4: 733 daAuts
     D:1: 688 daAuts
    D:11: 626 daAuts
   Sewer: 430 daAuts
  Bailey: 332 daAuts
   Orc:2: 253 daAuts
   Orc:1: 242 daAuts
